 Dungeon Crawl Stone Soup version 0.29.0-4-gdea44cf6ec (webtiles) character file.

Game seed: 15559098625545198704

81 RascalDebosk the Shield-Bearer (level 4, -2/44 HPs)
             Began as a Troll Fighter on Aug 27, 2022.
             Succumbed to their own poison gas
             ... on level 5 of the Dungeon.
             The game lasted 00:13:03 (1191 turns).

RascalDebosk the Shield-Bearer (Troll Fighter)      Turns: 1191, Time: 00:13:04

Health: -2/44      AC:  4    Str: 24    XL:     4   Next: 20%
Magic:  3/3        EV:  8    Int:  6    God:
Gold:   142        SH:  8    Dex:  9    Spells: 3/3 levels left

rFire   . . .      SeeInvis .   a - +0 flail
rCold   . . .      Faith    .   c - +1 kite shield
rNeg    . . .      Spirit   .   b - +0 robe
rPois   .          Reflect  .   (helmet restricted)
rElec   .          Harm     .   (no cloak)
rCorr   .          Rampage  .   (gloves unavailable)
Will    .....                   (boots unavailable)
Stlth   +.........              (no amulet)
HPRegen 0.94/turn               f - ring of flight
MPRegen 0.08/turn               (no ring)

@: lethally poisoned (-2 -> -31), flying
A: large, unfitting armour, claws 3, regeneration 1, shaggy fur 1, tough skin 1
a: no special abilities


You were on level 5 of the Dungeon.
You visited 1 branch of the dungeon, and saw 4 of its levels.

You collected 142 gold pieces.

Inventory:

Hand Weapons
 a - a +0 flail (weapon)
Missiles
 p - 2 boomerangs (quivered)
Armour
 b - a +0 robe (worn)
 c - a +1 kite shield (worn)
Jewellery
 f - a ring of flight (left claw)
Scrolls
 m - a scroll of noise {unknown}
 n - a scroll of teleportation {unknown}
Potions
 d - a potion of might
 i - a potion of lignification {unknown}
 j - a potion of cancellation {unknown}
 k - 3 potions of curing
 o - a potion of magic {unknown}


   Skills:
 + Level 2.8 Fighting
 + Level 2.2 Maces & Flails
 + Level 1.0 Throwing
 + Level 1.1 Armour
 + Level 2.7 Dodging
 + Level 3.1 Shields


You had 3 spell levels left.
You didn't know any spells.
Your spell library contained the following spells:

 Spells                   Type           Power      Damage    Failure   Level
 Ozocubu's Armour         Ice            0%         N/A       98%         3
 Passage of Golubria      Tloc           0%         N/A       100%        4
 Silence                  Hex/Air        0%         N/A       100%        5
 Ozocubu's Refrigeration  Ice            0%         4d7       100%        7
 Lehudib's Crystal Spear  Conj/Erth      0%         10d2      100%        8


Dungeon Overview and Level Annotations

Branches:
Dungeon (3/15)

Altars:
The Shining One


Innate Abilities, Weirdness & Mutations

You are too large for most types of armour.
You have claws for hands.
Your natural rate of healing is unusually fast.
You are covered in fur. (AC +1)
You have tough skin. (AC +1)


Message History

It is a scroll of identify.
k - 3 potions of curing
As you read the scroll labelled ERIDUN CAMINN, it crumbles to dust.
It is a scroll of enchant armour.
Your +0 kite shield glows green for a moment.
The air fills with toxic fumes!
As you read the scroll labelled QUESUA KILE, it crumbles to dust.
It was a scroll of poison.
Blink to where?
Press: ? - help, Dir - move target
As you read the scroll labelled MYARIBL TISIYFUSU, it crumbles to dust.
It was a scroll of blinking.
You are engulfed in poison gas.
You are poisoned.
You feel very sick.
As you open the large door, it creaks loudly!
An ogre comes into view. It is wielding a +0 giant spiked club.
You are engulfed in poison gas.
You are more poisoned.
You feel extremely sick.
The ogre shouts!
You feel very sick.
There is a large open door here.
Really fly into that cloud of poison gas? [Y]es or [N]o only, please.
Really fly into that cloud of poison gas? [Y]es or [N]o only, please.
Really fly into that cloud of poison gas?
Okay, then.
Really fly into that cloud of poison gas?
Uppercase [Y]es or [N]o only, please.
Really fly into that cloud of poison gas? [Y]es or [N]o only, please.
Really fly into that cloud of poison gas?
You are engulfed in poison gas.
You are more poisoned.
* * * LOW HITPOINT WARNING * * *
You feel extremely sick.
You are engulfed in poison gas.
You are more poisoned.
* * * LOW HITPOINT WARNING * * *
You die...

####### ≈≈≈≈§§#
###≈≈.≈§§#
#§'.≈..§§+
##§O....§.+
#####@§#≈≈§.≈≈#
#...§§##≈≈≈≈≈≈#
#..§§☼.########
#.§§§......#
##§§§......#
##§§......#
#.........#
##.........
#.........


You could see an ogre.

Vanquished Creatures
  2 adders (D:2)
  2 worms (D:2)
  4 dart slugs
  An orc (D:3)
  5 ball pythons
  4 endoplasms
  2 giant cockroaches
  7 goblins
  3 hobgoblins
  3 kobolds (D:1)
  4 quokkas
  5 bats
  A frilled lizard (D:1)
  2 rats (D:1)
45 creatures vanquished.

Notes
Turn   | Place    | Note
-------+----------+-------------------------------------------
     0 | D:1      | RascalDebosk the Troll Fighter began the quest for the Orb.
     0 | D:1      | Reached XP level 1. HP: 22/22 MP: 0/0
   140 | D:1      | Reached XP level 2. HP: 23/29 MP: 1/1
   397 | D:1      | Reached XP level 3. HP: 36/36 MP: 2/2
   601 | D:2      | Reached skill level 3 in Shields
   675 | D:2      | Found a glowing golden altar of the Shining One.
   708 | D:2      | Reached skill level 1 in Throwing
   708 | D:2      | Reached skill level 1 in Armour
   838 | D:2      | Reached XP level 4. HP: 44/44 MP: 3/3
  1183 | D:3      | You are sucked into a shaft and drop 2 floors!
  1183 | D:5      | Entered Level 5 of the Dungeon
  1188 | D:5      | Noticed an ogre
  1191 | D:5      | Succumbed to their own poison gas

Illustrated notes

Levels and vault maps discovered:
D:1:      minmay_arrival_floating_metal, layout_rooms
D:2:      layout_rooms, basic_altar, kennysheep_pointless_box,
          kennysheep_decorative_pillar, supply_closet_lemuel, grunt_ministairs_3
D:3:      layout_loops_ring, lightli_temple_of_fire, mainiacjoe_overflow_paths,
          serial_shops, shop, uniq_ijyb
D:5:      kennysheep_steamy, layout_cave_pods,
          mainiacjoe_overflow_small_starburst, kennysheep_generic_room_12

Skill      XL: |  1  2  3 |
---------------+----------+-----
Maces & Flails | 2 |  2.2
Shields        | 3 |  3.1
Throwing       | 1 |  1.0
Armour         | 1 |  1.1
Fighting       | |  2.8
Dodging        | |  2.7

Action                   |  1- 3 |  4- 6 || total
-------------------------+-------+-------++-------
Melee: Flail             |   153 |    17 ||   170
Throw: Boomerang         |       |    16 ||    16
  Use: Scroll            |       |     4 ||     4
Armor: Robe              |    86 |     9 ||    95
Dodge: Dodged            |    93 |     5 ||    98
Block: Kite shield       |    75 |     8 ||    83
